 Dungeon Crawl Stone Soup version 0.27.1-35-g4d5d836560 (webtiles) character file.

Game seed: 16676742975591265853

1922 Froggeryz the Martial Artist (level 9, -2/59 (61) HPs)
             Began as an Octopode Transmuter on Dec 12, 2022.
             Was an Initiate of Gozag.
             Slain by a profane servitor (16 damage)
             ... on level 1 of the Abyss.
             The game lasted 00:11:45 (7856 turns).

Froggeryz the Martial Artist (Octopode Transmuter)  Turns: 7856, Time: 00:11:46

HP:   -2/59 (61)    AC:  5    Str: 14    XL:     9   Next: 17%
MP:   12/12         EV: 18    Int: 15    God:    Gozag
Gold: 278           SH:  0    Dex: 15    Spells: 11/12 levels left

rFire    . . .     SeeInvis +     - Unarmed
rCold    . . .     Faith    .   (no shield)
rNeg     . . .     Spirit   .   (helmet restricted)
rPois    .         Reflect  .   t - amulet "Welitachu" {Regen+ Str+4}
rElec    .         Harm     .   b - +4 ring of protection
rCorr    .         Rampage  .   f - ring of see invisible
Will     .....                  k - +4 ring of evasion
Stlth    ++++......             (no ring)
HPRegen  1.19/turn              (no ring)
MPRegen  0.13/turn              (no ring)
                                (no ring)
                                (no ring)

@: about to teleport, hasted, wreathed by umbra, lightly drained, very quick
A: almost no armour, amphibious, 8 rings, camouflage 1, gelatinous body 1,
(nimble swimmer 1), tentacles
a: Renounce Religion, Potion Petition, Call Merchant, Bribe Branch


You were on level 1 of the Abyss.
You worshipped Gozag.
Gozag was aware of your devotion.
You visited 2 branches of the dungeon, and saw 8 of its levels.
You visited the Abyss 1 time.

You collected 403 gold pieces.
You paid 125 gold pieces to Gozag.

Inventory:

Hand Weapons
 g - a +0 dagger of venom
Missiles
 c - 30 poisoned darts (quivered)
 o - 4 boomerangs
 q - a throwing net
Jewellery
 b - a +4 ring of protection (left tentacle)
 f - a ring of see invisible (right tentacle)
 k - a +4 ring of evasion (on tentacle)
 t - the amulet "Welitachu" (around mantle) {Regen+ Str+4}
   (You found it on level 4 of the Dungeon)

   [amulet of regeneration]

   Str:       It affects your strength (+4).
   Regen:     It increases your rate of health regeneration.
 u - a ring of ice
Wands
 j - a wand of flame (12)
Scrolls
 d - 2 scrolls of immolation
 e - 3 scrolls of teleportation
 l - 2 scrolls of enchant armour
 n - a scroll of fog {unknown}
 p - a scroll of acquirement {unknown}
Potions
 a - 2 potions of heal wounds
 h - a potion of mutation
 i - a potion of flight
 s - a potion of brilliance {unknown}


   Skills:
 - Level 5.0 Fighting
 - Level 4.1 Dodging
 - Level 4.3 Stealth
 + Level 8.9 Unarmed Combat
 - Level 2.0 Spellcasting
 + Level 4.3 Transmutations


You had 11 spell levels left.
You knew the following spells:

 Your Spells              Type           Power      Damage    Failure   Level
a - Beastly Appendage     Tmut           28%        N/A       3%          1

Your spell library contained the following spells:

 Spells                   Type           Power      Damage    Failure   Level
 Wereblood                Tmut           14%        N/A       6%          2
 Corona                   Hex            1%         N/A       22%         1
 Spider Form              Tmut/Pois      3%         N/A       28%         3
 Ensorcelled Hibernation  Hex/Ice        2%         N/A       32%         2
 Sublimation of Blood     Necr           0%         N/A       32%         2
 Tukima's Dance           Hex            1%         N/A       54%         3
 Ice Form                 Ice/Tmut       7%         N/A       67%         4
 Petrify                  Tmut/Erth      7%         N/A       67%         4
 Irradiate                Conj/Tmut      3%         3d14      95%         5
 Freezing Cloud           Conj/Ice/Air   0%         6-21      99%         5
 Simulacrum               Ice/Necr       0%         N/A       100%        6
 Polar Vortex             Ice            0%         N/A       100%        9


Dungeon Overview and Level Annotations

Branches:
Dungeon (7/15)             Temple (1/1) D:5

Altars:
Ashenzari
Cheibriados
Dithmenos
Elyvilon
Fedhas
Gozag
Hepliaklqana
Kikubaaqudgha
Nemelex Xobeh
Okawaru
Qazlal
Ru
Sif Muna
Trog
Vehumet
Yredelemnul
Zin
The Shining One

Shops:
D:1 (

Annotations:
D:6 Blork the orc


Innate Abilities, Weirdness & Mutations

You cannot wear most types of armour.
You are amphibious.
You can wear up to eight rings at the same time.
Your skin changes colour to match your surroundings (Stealth+).
Your rubbery body absorbs attacks. (AC +1, EV +1)
((You are camouflaged near water. (Stealth+)))
You have tentacles for arms and can constrict up to eight enemies at once.


Message History

You now have 278 gold pieces (gained 20).
Your +0 dagger of venom stops dripping with poison.
You are now empty-tentacled.
A large abomination comes into view.
Found a chain mail.
An ufetubus and a large abomination come into view.
A hellwing comes into view.
The hellwing moves out of view.
An ice devil comes into view.
A quasit comes into view.
You fade into invisibility!
You are very lightly contaminated with residual magic.
A profane servitor comes into view.
It is wielding a +3 whip of electrocution.
An ancient zyme comes into view.
You feel yourself growing ill in the presence of the ancient zyme.
You flicker for a moment.
You flicker back into view.
Your magical contamination has completely faded away.
It was a potion of haste.
You feel yourself speed up.
Found 16 stones.
The profane servitor hits you with a +3 whip of electrocution!!
The profane servitor draws strength from your injuries!
The profane servitor misses you.
The profane servitor completely misses you.
The profane servitor hits you with a +3 whip of electrocution.
You feel drained.
As you read the scroll of teleportation, it crumbles to dust.
You feel strangely unstable.
You feel the power of the Abyss delaying your translocation!
The profane servitor hits you with a +3 whip of electrocution!!
The profane servitor draws strength from your injuries!
You are electrocuted!
* * * LOW HITPOINT WARNING * * *
The profane servitor hits you with a +3 whip of electrocution.
* * * LOW HITPOINT WARNING * * *
Found a potion of attraction.
A large abomination comes into view.
The profane servitor hits you with a +3 whip of electrocution!
You die...
Your body crumbles into a pile of gold.

## #. ## ..# #.. ..
# #..# #X .# # ..#
.# .# # #.#.#..###
.. . . ##
##@........ . # .
..#. #.##A#...###..
.. ..# #....#.#.#
### . ## #
#.###.#####.##.. .
.. ##.
#!....##...#....#
#...#...###..##...#.
# #...#..#..#.# # .#
#.
#.##.#####....#...##
. #. #.#.##....#.
#.. .


You could see a profane servitor and a large abomination (wandering).

Vanquished Creatures
  2 water moccasins (D:7)
  An ice beast (D:7)
  A black bear (D:6)
  3 sky beasts
  5 ogres
  2 bullfrogs (D:7)
  4 scorpions
  A centaur zombie (D:7)
  2 jellies
  A bullfrog skeleton (D:6)
  An orc priest (D:6)
  2 iguanas
  3 orc wizards
  A scorpion zombie (D:5)
  4 gnolls (D:4)
  6 adders
  A white imp (D:6)
  An ufetubus (D:7)
  2 worms (D:2)
  A dart slug (D:4)
  7 orcs
  5 bats
  5 endoplasms
  5 giant cockroaches
  7 hobgoblins
  3 quokkas
  3 ball pythons
  2 frilled lizards (D:2)
  7 goblins
  5 kobolds
  A rat (D:1)
94 creatures vanquished.

Vanquished Creatures (others)
  2 plants (D:2)
2 creatures vanquished.

Grand Total: 96 creatures vanquished

Notes
Turn   | Place    | Note
-------+----------+-------------------------------------------
     0 | D:1      | Froggeryz the Octopode Transmuter began the quest for the
                  | Orb.
     0 | D:1      | Reached XP level 1. HP: 13/13 MP: 3/3
    65 | D:1      | Found Xaxeseg's Weapon Emporium.
   429 | D:1      | Reached XP level 2. HP: 14/18 MP: 5/5
  1397 | D:2      | Reached XP level 3. HP: 14/24 MP: 4/6
  1399 | D:2      | Reached skill level 4 in Unarmed Combat
  1934 | D:2      | Reached XP level 4. HP: 19/29 MP: 7/7
  2257 | D:3      | Found an iron altar of Okawaru.
  2315 | D:3      | Reached skill level 1 in Stealth
  2320 | D:3      | Reached XP level 5. HP: 4/35 MP: 8/8
  2929 | D:3      | Found a glowing golden altar of the Shining One.
  3595 | D:4      | Reached skill level 5 in Unarmed Combat
  3798 | D:4      | Found a hazy altar of Hepliaklqana.
  3869 | D:4      | Noticed an ogre
  3900 | D:4      | Killed an ogre
  3901 | D:4      | Reached XP level 6. HP: 4/42 MP: 9/9
  4234 | D:4      | You fall into a shaft and drop 3 floors!
  4335 | D:6      | Noticed Blork the orc
  4387 | D:7      | Noticed a sky beast
  4478 | D:7      | Reached XP level 7. HP: 31/46 MP: 10/10
  4484 | D:7      | Reached skill level 6 in Unarmed Combat
  4959 | D:7      | Reached XP level 8. HP: 54/54 MP: 11/11
  5144 | D:7      | Reached skill level 7 in Unarmed Combat
  5450 | D:7      | Noticed a slime creature
  5684 | D:6      | Found a radiant altar of Vehumet.
  5735 | D:5      | Entered Level 5 of the Dungeon
  6142 | D:4      | Identified the amulet "Welitachu" {Regen+ Str+4}
  6408 | D:4      | Reached skill level 5 in Fighting
  6408 | D:4      | Reached skill level 8 in Unarmed Combat
  6828 | D:5      | Found a staircase to the Ecumenical Temple.
  6856 | Temple   | Entered the Ecumenical Temple
  7038 | Temple   | Became a worshipper of Gozag Ym Sagoz the Greedy
  7067 | D:5      | Reached XP level 9. HP: 43/61 MP: 12/12
  7757 | D:6      | Cast into level 1 of the Abyss (Blork the orc)
  7804 | Abyss:1  | Noticed a large abomination
  7804 | Abyss:1  | Noticed a hellwing
  7806 | Abyss:1  | Noticed an ice devil
  7814 | Abyss:1  | Noticed a profane servitor
  7815 | Abyss:1  | Noticed an ancient zyme
  7856 | Abyss:1  | Slain by a profane servitor

Illustrated notes

Levels and vault maps discovered:
D:1:      wheals_arrival_linesprint, layout_basic, serial_shops, shop
D:2:      layout_rooms, minmay_misc_feat_encased, minmay_misc_feat_hallway,
          chequers_big_river
D:3:      layout_loops_ring, tso_oasis_becter, general_overflow_altar,
          st_stairs_1
D:4:      layout_basic, worldfamousw_hep_ancestral_shrine,
          lightli_corner_chamber
D:5:      layout_loops_cross, minmay_temple_entry_ruins, minmay_statues_item
D:6:      layout_cave_pools, overflow_temple_1_default, uniq_blork_the_orc
D:7:      layout_layer_cave, enter_ossuary_2, minmay_liquid_box
Temple:   eino_narrow_crystal_temple
Abyss:1:  base:
Ossuary

Skill      XL: |  1  2  3  4  5  6  7  8  9 |
---------------+----------------------------+-----
Unarmed Combat | 4 5 6 8 |  8.9
Fighting       | 2 3 4 5 |  5.0
Stealth        | 2 3 4 |  4.3
Dodging        | 3 4 |  4.1
Transmutations | 3 4 |  4.3
Spellcasting   | |  2.0

Action                   |  1- 3 |  4- 6 |  7- 9 || total
-------------------------+-------+-------+-------++-------
Melee: Unarmed           |    69 |    72 |    86 ||   227
       Constrict         |    20 |    20 |    21 ||    61
       Tentacles         |    12 |    17 |    25 ||    54
       Kick              |     2 |     9 |    12 ||    23
       Punch             |     6 |     3 |     4 ||    13
       Dagger            |       |     3 |    41 ||    44
Throw: Dart              |       |    26 |    42 ||    68
 Cast: Beastly Appendage |     1 |     8 |     5 ||    14
Evoke: Wand              |       |     1 |     7 ||     8
  Use: Potion            |       |     2 |     2 ||     4
       Scroll            |       |       |    11 ||    11
 Stab: Sleeping          |     7 |     5 |     4 ||    16
       Distracted        |     1 |       |       ||     1
Armor: Skin              |    13 |    24 |    20 ||    57
Dodge: Dodged            |    21 |    48 |    85 ||   154
